 Dungeon Crawl Stone Soup version 0.20.1-1-g8b1a95d (webtiles) character file.

3083 vomix the Fighter (level 9, -1/135 HPs)
             Began as a Minotaur Berserker on Aug 12, 2017.
             Was an Elder of Trog.
             Slain by a five-headed hydra (9 damage)
             ... on level 8 of the Dungeon.
             The game lasted 00:08:22 (4567 turns).

vomix the Fighter (Minotaur Berserker)              Turns: 4567, Time: 00:08:23

Health: -1/135     AC: 12    Str: 26    XL:     9   Next: 58%
Magic:  8/8        EV:  8    Int:  4    God:    Trog [****..]
Gold:   296        SH:  0    Dex: 14    Spells: 8/8 levels left

rFire    . . .     SeeInvis .   C - +2 battleaxe
rCold    + . .     Gourm    .   (shield currently unavailable)
rNeg     . . .     Faith    .   n - +0 plate armour
rPois    +         Spirit   .   (helmet restricted)
rElec    .         Reflect  .   m - +0 cloak
rCorr    .         Harm     .   (no gloves)
MR       .....                  (no boots)
Stlth    ..........             (no amulet)
Regen    0.4/turn               i - ring of protection from cold
MPRegen  0.2/turn               y - ring of poison resistance

@: berserking, very quick
A: retaliatory headbutt, horns 2
a: Berserk, Trog's Hand, Brothers in Arms, Burn Spellbooks, Renounce Religion


You were on level 8 of the Dungeon.
You worshipped Trog.
Trog was greatly pleased with you.
You were very hungry.

You visited 2 branches of the dungeon, and saw 8 of its levels.
You also visited: Sewer.

You collected 296 gold pieces.

Inventory:

Hand Weapons
 C - a +2 battleaxe (weapon)
Armour
 m - a +0 cloak (worn)
 n - a +0 plate armour (worn)
Jewellery
 i - a ring of protection from cold (left hand)
 y - a ring of poison resistance (right hand)
Wands
 k - a wand of random effects (21/48)
 s - a wand of polymorph (14/24)
Scrolls
 a - a scroll of identify
 d - 8 scrolls of teleportation
 e - a scroll of immolation
 h - 3 scrolls of remove curse
 v - a scroll of fog {unknown}
 A - 2 scrolls of fear
Potions
 b - 3 potions of resistance
 g - 2 potions of brilliance {unknown}
 l - 2 potions of heal wounds {unknown}
 p - a potion of ambrosia {unknown}
 q - 5 potions of curing
 t - a potion of agility {unknown}
 u - 3 potions of magic {unknown}
 w - 2 potions of mutation {unknown}
 x - 2 potions of haste {unknown}
 z - a potion of flight {unknown}
 B - a potion of might {unknown}
Comestibles
 c - 5 bread rations
 f - 4 meat rations
 j - 5 chunks of flesh


   Skills:
 + Level 11.7 Fighting
 + Level 11.6 Axes
 - Level 2.4 Armour
 - Level 2.1 Dodging


You had 8 spell levels left.
You didn't know any spells.

Dungeon Overview and Level Annotations

Branches:
Dungeon (8/15)             Temple (1/1) D:7
   Lair: D:8-11

Altars:
Ashenzari
Cheibriados
Dithmenos
Elyvilon
Fedhas
Gozag
Hepliaklqana
Kikubaaqudgha
Nemelex Xobeh
Qazlal
Ru
Sif Muna
Trog
Vehumet
Xom
Yredelemnul
Zin


Innate Abilities, Weirdness & Mutations

You reflexively headbutt those who attack you in melee.
You have a pair of horns on your head.


Message History

* * * LOW HITPOINT WARNING * * *
The four-headed hydra barely misses you.
The four-headed hydra closely misses you.
The four-headed hydra completely misses you.
You barely miss the four-headed hydra. You headbutt the four-headed hydra.
The four-headed hydra is lightly wounded.
The four-headed hydra barely misses you.
The four-headed hydra bites you.
* * * LOW HITPOINT WARNING * * *
The four-headed hydra bites you.
* * * LOW HITPOINT WARNING * * *
The four-headed hydra bites you but does no damage.
You barely miss the four-headed hydra.
The four-headed hydra is lightly wounded.
Unknown command.
You slice one of the four-headed hydra's heads off!
The three-headed hydra grows two more!
You slash the five-headed hydra!
The five-headed hydra is moderately wounded.
The five-headed hydra bites you!
You die...

#........# #........#
#........# #........#
######### ###........###
#.......####............#
#............##########.##
#.......####.#PP≈P.')
#..#### ####.####
#@#P≈≈≈≈# #..)... #.#
#D#≈.P≈P## #.####. #.#
#K#.Y...#. #.####. #.#
#YK≈Y%%.'. #...... #.#
###5Y.P.'. ####### #.##
Y....'. #####..# ..%..#.
#...##.## ###### #...##..#


You could see a five-headed hydra, 2 big kobolds and a dream sheep.

Vanquished Creatures
  A two-headed ogre (D:8)
  A troll (D:7)
  A hippogriff (D:7)
  2 water moccasins
  A black bear (D:7)
  2 orc warriors
  2 sky beasts (D:8)
  A centaur (D:7)
  A crocodile (Sewer)
  4 bullfrogs
  A wyvern skeleton (D:6)
  A scorpion (D:4)
  3 wights (D:7)
  2 jellies (D:8)
  2 hounds
  2 orc priests
  7 orc wizards
  An iguana (D:7)
  3 bullfrog skeletons
  3 worker ants
  A hound zombie (D:6)
  A worker ant zombie (D:4)
  13 adders
  A river rat (D:4)
  2 shadow imps
  2 oozes
  4 adder skeletons
  3 dart slugs (D:1)
  5 leopard geckos
  14 orcs
  4 bats
  3 giant cockroaches
  A goblin (D:1)
  4 hobgoblins (D:1)
  10 jackals
  3 kobolds (Sewer)
  3 quokkas
  A ball python (D:8)
  2 frilled lizards
  A giant cockroach zombie (D:6)
  A leopard gecko zombie (D:6)
  A quokka zombie (D:8)
  6 rats
  A bush (D:7)
128 creatures vanquished.

Notes
Turn   | Place    | Note
-------+----------+-------------------------------------------
     0 | D:1      | vomix the Minotaur Berserker began the quest for the Orb.
     0 | D:1      | Reached XP level 1. HP: 19/19 MP: 0/0
    14 | D:1      | Noticed a minotaur skeleton
    15 | D:1      | Noticed a minotaur skeleton
   211 | D:1      | Reached XP level 2. HP: 23/27 MP: 1/1
   523 | D:2      | Reached XP level 3. HP: 34/34 MP: 2/2
   762 | D:2      | You fall through a shaft for 2 floors!
   789 | D:4      | Reached skill level 5 in Fighting
   789 | D:4      | Reached XP level 4. HP: 34/42 MP: 3/3
   794 | D:4      | Reached skill level 5 in Axes
   824 | D:4      | Reached ** piety under Trog
   826 | D:4      | Reached XP level 5. HP: 44/49 MP: 4/4
   897 | D:4      | Found a glowing drain.
   911 | Sewer    | Entered a sewer
  1094 | Sewer    | Noticed a crocodile
  1105 | Sewer    | Killed a crocodile
  1105 | Sewer    | Reached XP level 6. HP: 15/58 MP: 5/5
  1449 | D:4      | Noticed a water moccasin
  1459 | D:4      | Killed a water moccasin
  2045 | D:4      | Found a sacrificial altar of Ru.
  2105 | D:5      | Entered Level 5 of the Dungeon
  2110 | D:5      | Noticed a water moccasin
  2124 | D:5      | Killed a water moccasin
  2124 | D:5      | Reached XP level 7. HP: 51/66 MP: 6/6
  2313 | D:5      | Found a shattered altar of Ashenzari.
  2836 | D:6      | Reached *** piety under Trog
  3222 | D:6      | Reached XP level 8. HP: 74/77 MP: 7/7
  3452 | D:7      | Found a staircase to the Ecumenical Temple.
  3529 | Temple   | Entered the Ecumenical Temple
  3622 | D:7      | Noticed a hippogriff
  3637 | D:7      | Killed a hippogriff
  3821 | D:7      | Found a blossoming altar of Fedhas.
  3822 | D:7      | Noticed a troll
  3828 | D:7      | Killed a troll
  3828 | D:7      | Reached skill level 10 in Fighting
  3841 | D:7      | Reached skill level 10 in Axes
  4021 | D:7      | Reached XP level 9. HP: 80/86 MP: 8/8
  4144 | D:7      | Got a dazzling flail
  4145 | D:7      | Identified the cursed +0 flail of Karma {flame, MR+} (You found it on level 7 of the Dungeon)
  4368 | D:8      | Reached **** piety under Trog
  4502 | D:8      | Noticed a two-headed ogre
  4508 | D:8      | Killed a two-headed ogre
  4553 | D:8      | Noticed a three-headed hydra
  4567 | D:8      | Slain by a five-headed hydra

Skill      XL: |  1  2  3  4  5  6  7  8  9 |
---------------+----------------------------+-----
Axes           | 4 5 6 7 8 10 11 | 11.6
Fighting       | 4 5 6 7 8 10 11 | 11.7
Armour         | |  2.4
Dodging        | |  2.1

Action                   |  1- 3 |  4- 6 |  7- 9 || total
-------------------------+-------+-------+-------++-------
Melee: Hand axe          |    60 |   102 |   178 ||   340
       Headbutt          |     8 |    22 |    62 ||    92
       Battleaxe         |       |       |    55 ||    55
Invok: Berserk           |       |     2 |     6 ||     8
       Burn Spellbooks   |       |     1 |       ||     1
       Trog's Hand       |       |       |     1 ||     1
  Use: Scroll            |       |       |     9 ||     9
  Eat: Chunk             |       |     6 |     9 ||    15
       Royal jelly       |       |       |     2 ||     2
Armor: Plate armour      |    45 |    83 |   142 ||   270
Dodge: Dodged            |    20 |    38 |    74 ||   132
